 Dungeon Crawl Stone Soup version 0.17-a0-2127-g1cb09f6 (webtiles) character file.

96 fredomojojo the Grave Robber (level 4, 0/30 HPs)
             Began as a Vampire Necromancer on Oct 23, 2015.
             Killed by divine providence
             ... invoked by an orc priest
              (12 damage)
             ... on level 3 of the Dungeon.
             The game lasted 00:56:14 (1705 turns).

fredomojojo the Grave Robber (Vampire Necromancer)  Turns: 1705, Time: 00:56:15

Health: 0/30       AC:  2    Str:  7    XL:     4   Next: 41%
Magic:  5/8        EV: 13    Int: 18    God:
Gold:   117        SH:  0    Dex: 14    Spells: 2 memorised, 6 levels left

rFire  + . .     SeeInvis +     g - +0 hunting sling
rCold  . . .     Clarity  .     i - +0 robe {MR+}
rNeg   + . .     SustAt   .     (no shield)
rPois  .         Gourm    .     (no helmet)
rElec  .         Spirit   .     (no cloak)
rCorr  .         Warding  .     (no gloves)
rMut   .         Stasis   .     (no boots)
MR     +....                    a - amulet of regeneration
Stlth  +++.......               k - ring of protection from fire
                                (no ring)

@: somewhat resistant to hostile enchantments, fairly stealthy
A: fangs 3, see invisible, unbreathing
a: Bat Form


You were on level 3 of the Dungeon.
You were not thirsty.

You visited 1 branch of the dungeon, and saw 3 of its levels.

You collected 117 gold pieces.

Inventory:

Hand Weapons
 d - a +0 club
 g - a +0 hunting sling (weapon)
 n - a +0 short sword
Missiles
 h - 136 stones (quivered)
Armour
 i - a +0 robe of magic resistance (worn)
 s - a +0 cloak
Jewellery
 a - an amulet of regeneration (around neck)
 e - an uncursed ring of teleportation
 k - a ring of protection from fire (right hand)
 m - an uncursed ring of fire
Scrolls
 l - 2 scrolls of identify
 o - a scroll of teleportation {unknown}
 q - a scroll of remove curse
 t - a scroll of enchant armour {unknown}
Potions
 c - 18 potions of blood
 f - a potion of agility
 j - a potion of might
 p - 2 potions of curing
 r - a potion of mutation {unknown}
Books
 b - a book of Necromancy

   Spells                             Type                      Level
   a - Pain                           Necromancy                   1
   b - Animate Skeleton               Necromancy                   1
   c - Vampiric Draining              Necromancy                   3
   d - Regeneration                   Charms/Necromancy            3
   e - Animate Dead                   Necromancy                   4
   f - Control Undead                 Necromancy                   4


   Skills:
 + Level 0.4 Slings
 * Level 2.9 Dodging
 + Level 3.3 Stealth
 * Level 2.9 Spellcasting
 * Level 5.2 Necromancy


You had 6 spell levels left.
You knew the following spells:

 Your Spells              Type           Power        Failure   Level  Hunger
a - Pain                  Necr           ###.         1%          1    None
b - Animate Skeleton      Necr           N/A          1%          1    None


Dungeon Overview and Level Annotations

Branches:
Dungeon (3/15)

Altars:


Innate Abilities, Weirdness & Mutations

You have razor-sharp teeth.
You have supernaturally acute eyesight.
You can survive without breathing.


Message History

The orc wizard blinks!
Casting: Pain
Confirm with . or Enter, or press ? or * to list all spells.
You don't know that spell.
The orc hits you but does no damage.
The orc wizard gestures wildly while chanting.
The orc wizard seems to speed up.
Casting: Pain
Confirm with . or Enter, or press ? or * to list all spells.
Aiming: Pain
Press: ? - help, Shift-Dir - straight line, f - orc wizard, p - orc
Aim: an orc wizard, wielding a dagger and wearing a robe (fast, chance to defeat MR: 80%)
The orc wizard convulses in agony!
The orc wizard mumbles some strange words.
The orc wizard blinks!
The orc hits you with a short sword. The orc hits you with a short sword.
The orc priest hits you.
The orc priest calls down the wrath of Beogh upon you.
Something smites you!
You die...

##....#############.# #.
####........<........#.#####.
#>...........................
#Z##.....##.#####..#.#.####.#
#Z##.######....##......# #..
#.##.# ####.######### ##.
#.##.#########.##### #####.
#........oo..$...... .......
#.##.......o@..#### #######
#.#########o#### # #.# #(#
#.# #.# #.# #$# #.# #.# #.
#.# #.#


You could see an orc priest, an orc wizard and 2 orcs.

Vanquished Creatures
  Jessica (D:2)
  3 adders (D:2)
  A worm (D:2)
  A ball python (D:3)
  5 bats
  2 giant cockroaches (D:1)
  5 goblins
  5 hobgoblins
  7 jackals
  5 kobolds
  8 rats
43 creatures vanquished.

Vanquished Creatures (collateral kills)
  A bat (D:2)
1 creature vanquished.

Grand Total: 44 creatures vanquished

Notes
Turn   | Place    | Note
--------------------------------------------------------------
     0 | D:1      | fredomojojo the Vampire Necromancer began the quest for the Orb.
     0 | D:1      | Reached XP level 1. HP: 13/13 MP: 3/3
     2 | D:1      | Learned a level 1 spell: Animate Skeleton
   171 | D:1      | Reached XP level 2. HP: 4/19 MP: 0/5
   891 | D:2      | Noticed Jessica
   896 | D:2      | Killed Jessica
   896 | D:2      | Reached XP level 3. HP: 22/24 MP: 3/6
  1175 | D:2      | Reached skill level 5 in Necromancy
  1249 | D:2      | Reached XP level 4. HP: 20/30 MP: 8/8
  1705 | D:3      | Killed from afar by an orc priest

Vault maps used:
D:1:      scummos_arrival_gate
D:2:      first_bread, kennysheep_pointless_box, uniq_jessica

Action                   |  1- 3 |  4- 6 || total
-------------------------+-------+-------++-------
Melee: Club              |    11 |       ||    11
       Short sword       |       |     8 ||     8
 Fire: Hunting sling     |    43 |     7 ||    50
 Cast: Pain              |    24 |    20 ||    44
       Animate Skeleton  |     7 |     5 ||    12
  Use: Potion            |     5 |     2 ||     7
       Scroll            |     1 |     3 ||     4
 Stab: Sleeping          |     1 |     2 ||     3
